 Dungeon Crawl Stone Soup version 0.30-a0-373-gd37427bb62 (webtiles) character file.

Game seed: 11729536781469172865

8994 Shayle the Protected (level 11, -4/91 HPs)
             Began as a Demonspawn Reaver on Nov 24, 2022.
             Was a Believer of Ashenzari.
             Slain by a two-headed ogre
             ... wielding a +0 giant club
              (24 damage)
             ... on level 10 of the Dungeon.
             The game lasted 00:42:13 (13454 turns).

Shayle the Protected (Demonspawn Reaver)           Turns: 13454, Time: 00:42:14

Health: -4/91      AC: 17    Str: 13    XL:     11   Next: 17%
Magic:  0/30       EV:  9    Int: 19    God:    Ashenzari [**....]
Gold:   650        SH:  4    Dex: 11    Spells: 15/23 levels left

rFire   . . .      SeeInvis +    T - +1 broad axe (flame)
rCold   + . .      Faith    .    y - +0 buckler
rNeg    . . .      Spirit   +    i - +2 scale mail {rC+}
rPois   .          Reflect  .    e - +2 helmet of the Sidereal Visionary {Comp, Elem} (curse)
rElec   .          Harm     .    (no cloak)
rCorr   .          Rampage  .    h - +0 pair of gloves
Will    .....                    L - +0 pair of boots
Stlth   ..........               p - amulet of guardian spirit
HPRegen 0.35/turn                d - ring "Chained With Me" {MP+9, Self, Melee} (curse)
MPRegen 0.22/turn                O - ring of Ashenzari's Sun {Wiz, Bglg, Elem} (curse)

@: no status effects
A: rugged brown scales 1, powered by death 1, demonic magic 2, weakness stinger
2
a: Renounce Religion, Shatter the Chains


You were on level 10 of the Dungeon.
You worshipped Ashenzari.
Ashenzari was pleased with you.
You visited 3 branches of the dungeon, and saw 12 of its levels.
You also visited: Sewer and Ossuary.

You collected 650 gold pieces.

Inventory:

Hand Weapons
 v - the +9 flail of Autumn {vorpal, Drain rElec Dex+6}
   (You took it off a gnoll on level 4 of the Dungeon)

   It inflicts extra damage upon your enemies.
   Dex:       It affects your dexterity (+6).
   rElec:     It insulates you from electricity.
   Drain:     It drains your maximum health when unequipped.
 T - a +1 broad axe of flaming (weapon)
Armour
 a - a +0 pair of boots of rampaging
 e - the cursed +2 helmet of the Sidereal Visionary (worn) {Comp, Elem}
   (You took it off Robin on level 2 of the Dungeon)

   It has a curse which improves the following skills: Companions: Summonings
   and Necromancy.
   Elements:  Fire Magic, Ice Magic, Air Magic and Earth Magic.
 g - a +0 ring mail
 h - a +0 pair of gloves (worn)
 i - a +2 scale mail of cold resistance (worn)
 y - a +0 buckler (worn)
 J - a +1 leather armour of poison resistance
 L - a +0 pair of boots (worn)
 N - +0 steam dragon scales
Jewellery
 d - the cursed ring "Chained With Me" (left hand) {MP+9, Self, Melee}
   (You found it on level 5 of the Dungeon)

   [ring of magical power]

   MP:        It affects your magic capacity (+9).
   It has a curse which improves the following skills: Introspection: Fighting
   and Spellcasting.
   Melee Combat: Short Blades, Long Blades, Axes, Maces & Flails, Polearms,
   Staves and Unarmed Combat.
 p - an amulet of guardian spirit (around neck)
 u - a ring of flight
 I - a +6 ring of dexterity
 O - the cursed ring of Ashenzari's Sun (right hand) {Wiz, Bglg, Elem}
   (You found it on level 9 of the Dungeon)

   [ring of wizardry]

   It improves your spell success rate.
   It has a curse which improves the following skills: Beguiling: Conjurations,
   Hexes and Translocations.
   Elements:  Fire Magic, Ice Magic, Air Magic and Earth Magic.
 P - a +6 ring of strength
 Q - a ring of see invisible
Wands
 w - a wand of flame (25)
 B - a wand of roots (2)
 M - a wand of mindburst (14)
 R - a wand of paralysis (5)
Scrolls
 c - 6 scrolls of fear
 k - 4 scrolls of teleportation
 l - 2 scrolls of amnesia
 o - a scroll of vulnerability
 r - a scroll of poison
 t - 3 scrolls of magic mapping
 C - 2 scrolls of silence
 D - 3 scrolls of blinking
 G - a scroll of summoning
Potions
 f - 6 potions of curing
 m - 4 potions of flight
 q - 4 potions of mutation
 s - 2 potions of resistance
 x - 3 potions of haste
 E - 2 potions of brilliance
 F - 2 potions of lignification
 K - a potion of magic


   Skills:
 + Level 8.1(9.4) Fighting
 - Level 7.3(8.6) Axes
 + Level 8.2 Armour
 - Level 2.4 Dodging
 + Level 3.9 Shields
 + Level 5.6(6.8) Spellcasting
 - Level 7.8(9.1) Conjurations
 + Level 1.7(3.1) Fire Magic
 - Level 4.4(6.2) Ice Magic


You had 15 spell levels left.
You knew the following spells:

 Your Spells              Type           Power      Damage    Failure   Level
a - Kiss of Death         Conj/Necr      96%        2d12      3%          1
b - Hailstorm             Conj/Ice       35%        3d9       2%          3
c - Sticky Flame          Conj/Fire      29%        2d5       16%         4

Your spell library contained the following spells:

 Spells                   Type           Power      Damage    Failure   Level
 Momentum Strike          Conj/Tloc      48%        3d9       4%          2
 Flame Wave               Conj/Fire      29%        2d9       16%         4
 Summon Small Mammal      Summ           28%        N/A       19%         1
 Cigotuvi's Dreadful Rot  Necr/Pois/Air  12%        N/A       26%         2
 Inner Flame              Hex/Fire       12%        N/A       28%         3
 Call Canine Familiar     Summ           7%         N/A       45%         3
 Summon Guardian Golem    Hex/Summ       7%         N/A       45%         3
 Tukima's Dance           Hex            7%         N/A       45%         3
 Metabolic Englaciation   Hex/Ice        9%         N/A       78%         5
 Dispel Undead            Necr           7%         3d8       86%         4
 Passage of Golubria      Tloc           7%         N/A       86%         4
 Petrify                  Tmut/Erth      6%         N/A       86%         4
 Yara's Violent Unravell  Hex/Tmut       3%         3d4       99%         5
 Death Channel            Necr           3%         N/A       100%        6
 Statue Form              Tmut/Erth      4%         N/A       100%        6


Dungeon Overview and Level Annotations

Branches:
Dungeon (10/15)            Temple (1/1) D:6            Lair (1/5) D:9
  Sewer (visited)         Ossuary (visited)
    Orc: D:9-12

Altars:
Ashenzari
Dithmenos
Fedhas
Gozag
Kikubaaqudgha
Makhleb
Okawaru
Ru
Trog
Vehumet
Wu Jian
Xom
Yredelemnul

Annotations:
D:3 exclusion: oklob plant
D:6 2 transporters, kiwi3s's ghost, novice MiBe
D:8 1 transporter


Innate Abilities, Weirdness & Mutations

You are partially covered in rugged brown scales. (AC +1, +3% HP)
You regenerate a little health from kills.
Spells you cast may paralyse nearby enemies.
You have a tail ending in a sharp stinger.


Message History

The two-headed ogre shouts in stereo!
Found an escape hatch in the floor.
There is a stone staircase leading up here.
You slash the two-headed ogre! You burn the two-headed ogre.
The two-headed ogre is lightly wounded.
The two-headed ogre barely misses you.
The two-headed ogre hits you but does no damage.
You slash the two-headed ogre! You burn the two-headed ogre.
The two-headed ogre is heavily wounded.
The two-headed ogre hits you with a +0 giant club! x2
You hit the two-headed ogre. You burn the two-headed ogre.
The two-headed ogre is heavily wounded.
You hit the two-headed ogre. You burn the two-headed ogre.
The two-headed ogre is heavily wounded.
The two-headed ogre hits you with a +0 giant club!
The two-headed ogre hits you with a +0 giant club.
You closely miss the two-headed ogre.
The two-headed ogre is heavily wounded.
The two-headed ogre hits you but does no damage. x2
You slash the two-headed ogre! You burn the two-headed ogre.
Your tail-slap misses the two-headed ogre.
The two-headed ogre is severely wounded.
The two-headed ogre hits you with a +0 giant club!! x2
* * * LOW HITPOINT WARNING * * *
Unknown command.
Aiming: Fastroot
Press: ? - help, Shift-Dir - straight line The roots erupt in riotous growth!
Roots grab the two-headed ogre.
The grasping roots constrict the two-headed ogre.
Unknown command.
The grasping roots constrict the two-headed ogre!
The roots release their grip on the two-headed ogre.
Aiming: Fastroot
Press: ? - help, Shift-Dir - straight line The roots erupt in riotous growth!
Roots grab the two-headed ogre.
The grasping roots constrict the two-headed ogre.
The two-headed ogre hits you with a +0 giant club!!
You die...

########################
.......................#
.......................#
............[..O@......#
..#########..###...>...#
..# #..# #.......#
..#########.O###.......#
.......................#
.......................#
######.................#
#.............#...#
#.............*, ,*


You could see a two-headed ogre (rooted).

Vanquished Creatures
  2 elephants
  Joseph (D:8)
  A black mamba (Lair:1)
  An unseen horror (D:9)
  A troll (D:6)
  A shadow (D:9)
  Sigmund (D:3)
  A wraith (D:10)
  2 wyverns
  Eustachio (D:6)
  2 steam dragons
  3 water moccasins
  2 ice beasts (D:6)
  A sky beast (D:6)
  2 orc warriors
  3 centaurs
  2 ogres
  Blork the orc (D:6)
  7 bullfrogs
  6 scorpions
  4 wights (D:8)
  2 howler monkeys
  A centaur zombie (Ossuary)
  2 orc priests
  4 hounds
  A jelly (D:4)
  A gnoll bouda (D:4)
  5 iguanas
  Terence (D:2)
  5 orc wizards
  Natasha (thrice) (D:3)
  Robin (D:2)
  4 mummies (Ossuary)
  4 gnolls
  9 river rats
  10 adders
  2 white imps
  5 worms
  6 dart slugs
  23 orcs
  11 bats
  8 endoplasms
  7 giant cockroaches
  12 goblins
  13 hobgoblins
  7 jackals
  5 kobolds
  3 quokkas
  8 ball pythons
  5 frilled lizards
  A gnoll zombie (Ossuary)
  2 goblin zombies (Ossuary)
  A hobgoblin zombie (Ossuary)
  3 orc zombies (Ossuary)
  3 rats
223 creatures vanquished.

Vanquished Creatures (others)
  An orc wizard (D:7)
  43 fungi
  67 plants
111 creatures vanquished.

Grand Total: 334 creatures vanquished

Notes
Turn   | Place    | Note
-------+----------+-------------------------------------------
     0 | D:1      | Shayle the Demonspawn Reaver began the quest for the Orb.
     0 | D:1      | Reached XP level 1. HP: 16/16 MP: 3/3
    49 | D:1      | Noticed a scorpion
    49 | D:1      | Noticed a swamp worm
    49 | D:1      | Noticed a six-headed hydra
    49 | D:1      | Noticed a polar bear
    49 | D:1      | Noticed a wolf
   108 | D:1      | Gained mutation: You regenerate a little health from kills.
                  | [demonic ancestry]
   108 | D:1      | Reached XP level 2. HP: 17/22 MP: 5/5
   422 | D:1      | Gained mutation: You are partially covered in rugged brown
                  | scales. (AC +1, +3% HP) [demonic ancestry]
   422 | D:1      | Reached XP level 3. HP: 23/28 MP: 6/6
   742 | D:2      | Noticed Robin
   742 | D:2      | Noticed Sigmund
   765 | D:2      | Noticed Terence
   772 | D:1      | Learned a level 3 spell: Hailstorm
  1045 | D:3      | Gained mutation: Spells you cast may paralyse adjacent
                  | enemies. [demonic ancestry]
  1045 | D:3      | Reached XP level 4. HP: 35/35 MP: 7/7
  1132 | D:3      | Found a glowing drain.
  1174 | Sewer    | Entered a sewer
  1452 | Sewer    | Reached skill level 1 in Armour
  1514 | Sewer    | Reached skill level 1 in Ice Magic
  1514 | Sewer    | Reached XP level 5. HP: 39/42 MP: 8/8
  2273 | D:3      | Found a radiant altar of Vehumet.
  2273 | D:3      | Found an ancient bone altar of Kikubaaqudgha.
  2322 | D:3      | Found a bloodstained altar of Trog.
  2513 | D:3      | Found a blossoming altar of Fedhas.
  2645 | D:3      | Noticed an oklob plant
  2803 | D:3      | Found a sacrificial altar of Ru.
  2805 | D:3      | Found a burning altar of Makhleb.
  2993 | D:3      | Noticed Natasha
  3104 | D:4      | Gained mutation: You have a small tail. [demonic ancestry]
  3104 | D:4      | Reached XP level 6. HP: 36/48 MP: 9/9
  3587 | D:4      | Found a broken altar of Ashenzari.
  3595 | D:4      | Became a worshipper of Ashenzari the Shackled
  4260 | D:4      | Gained mutation: You have a tail ending in a sharp stinger.
                  | [demonic ancestry]
  4260 | D:4      | Reached XP level 7. HP: 20/55 MP: 11/11
  4762 | D:5      | Entered Level 5 of the Dungeon
  5004 | D:6      | Noticed Blork the orc
  5031 | D:6      | Killed Blork the orc
  5173 | D:6      | Noticed Eustachio
  6047 | D:5      | Reached XP level 8. HP: 40/62 MP: 14/14
  6486 | D:3      | Killed Natasha
  6576 | D:3      | Found a shadowy altar of Dithmenos.
  6879 | D:3      | Noticed Natasha
  6901 | D:3      | Killed Natasha
  6944 | D:3      | Noticed Natasha
  6954 | D:3      | Killed Natasha
  7068 | D:3      | Killed Sigmund
  7069 | D:3      | Reached skill level 1 in Shields
  7265 | D:2      | Killed Robin
  7292 | D:2      | Killed Terence
  7888 | D:5      | Identified the +9 flail of Autumn {vorpal, Drain rElec
                  | Dex+6}
  8073 | D:4      | Reached skill level 5 in Conjurations
  8303 | D:6      | Reached * piety under Ashenzari
  8334 | D:6      | Reached skill level 5 in Fighting
  8512 | D:6      | Noticed kiwi3s's ghost (novice MiBe)
  8533 | D:6      | Found an opulent altar of Gozag.
  8545 | D:6      | Found a transporter.
  8609 | D:6      | Reached skill level 5 in Axes
  8745 | D:6      | Killed Eustachio
  9065 | D:6      | Found a transporter.
  9163 | D:6      | Noticed a troll
  9174 | D:6      | Killed a troll
  9175 | D:6      | Gained mutation: Spells you cast may paralyse nearby
                  | enemies. [demonic ancestry]
  9175 | D:6      | Reached XP level 9. HP: 36/71 MP: 13/17
  9311 | D:6      | Found a staircase to the Ecumenical Temple.
  9317 | Temple   | Entered the Ecumenical Temple
  9676 | D:7      | Found a sand-covered staircase.
  9683 | Ossuary  | Entered an ossuary
  9938 | Ossuary  | Reached XP level 10. HP: 84/84 MP: 18/18
 10765 | D:8      | Noticed Joseph
 10785 | D:8      | Killed Joseph
 10808 | D:8      | Identified the cursed +2 helmet of the Sidereal Visionary
                  | {Comp, Elem} (You took it off Robin on level 2 of the
                  | Dungeon)
 10881 | D:8      | Reached skill level 5 in Spellcasting
 10898 | D:8      | Found a transporter.
 11914 | D:9      | Found a staircase to the Lair.
 12077 | D:9      | Noticed a two-headed ogre
 12437 | D:9      | Learned a level 4 spell: Sticky Flame
 12974 | Lair:1   | Entered Level 1 of the Lair of Beasts
 12979 | Lair:1   | Noticed a black mamba
 12985 | D:9      | Reached XP level 11. HP: 88/89 MP: 20/20
 12994 | Lair:1   | Reached skill level 1 in Fire Magic
 13219 | D:10     | Entered Level 10 of the Dungeon
 13399 | D:10     | Reached ** piety under Ashenzari
 13437 | D:10     | Noticed a two-headed ogre
 13454 | D:10     | Slain by a two-headed ogre

Illustrated notes

Levels and vault maps discovered:
D:1:      onia_arrival_zoo_common, layout_rooms
D:2:      layout_loops_cross, uniq_terence, uniq_robin, uniq_sigmund
D:3:      layout_rooms, nicolae_overflow_two_pavilions, tgw_fedhas,
          amcnicky_altar_gilded, grunt_dithmenos_smoke_and_mirrors,
          chequers_temple_overflow_statue_of_worship, lightli_sewer_entry_pipes,
          corexii_corridor_pit, serial_bayou_crossing, uniq_natasha
D:4:      layout_layer_cave, lemuel_crystal_altar, minmay_misc_feat_tiny,
          st_stairs_5
D:5:      layout_basic, tso_altar, nicolae_elevator_lobby_asterisk
D:6:      layout_loops_corners, amethyst_overflow_temple_binary,
          minmay_temple_entry_nine_rooms, gammafunk_ghost_arena,
          grunt_ministairs_3, uniq_eustachio, uniq_blork_the_orc
D:7:      layout_gridville, nicolae_ossuary_entry_monument,
          mrwooster_statue_mirror
D:8:      nicolae_cairo_tiling_very_big, layout_basic, nicolae_diode_basic,
          uniq_joseph
D:9:      layout_stronghold, dpeg_oklobed_lair, kennysheep_generic_room_8
D:10:     layout_small_grid, st_stairs_13
Temple:   nicolae_temple_ecumenical_triangle
Lair:1:   layout_misc_corridors, grunt_megastairs_1

Skill      XL: |  1  2  3  4  5  6  7  8  9 10 11 |
---------------+----------------------------------+-----
Dodging        | 2 |  2.4
Axes           | 3 4 5 7 |  7.3
Fighting       | 3 4 5 7 8 |  8.1
Armour         | 1 2 3 7 8 |  8.2
Ice Magic      | 1 2 3 4 |  4.4
Conjurations   | 4 5 7 |  7.8
Spellcasting   | 3 4 5 |  5.6
Shields        | 2 3 |  3.9
Fire Magic     | 1 |  1.7

Action                   |  1- 3 |  4- 6 |  7- 9 | 10-12 || total
-------------------------+-------+-------+-------+-------++-------
Melee: Hand axe          |   158 |   408 |   511 |   200 ||  1277
       Punch             |     1 |     5 |       |       ||     6
       Tailslap          |       |    14 |    77 |    37 ||   128
       Broad axe         |       |       |       |    58 ||    58
 Cast: Kiss of Death     |       |     1 |       |       ||     1
       Sticky Flame      |       |       |       |     3 ||     3
Invok: Curse Item        |       |       |     2 |     1 ||     3
Evoke: Wand              |       |     2 |     3 |     2 ||     7
  Use: Potion            |       |    10 |     7 |     3 ||    20
       Scroll            |       |     2 |    12 |     3 ||    17
 Stab: Paralysed         |       |       |     8 |     2 ||    10
Armor: Leather armour    |     9 |       |       |       ||     9
       Ring mail         |    69 |   145 |    98 |       ||   312
       Skin              |       |     4 |     6 |     3 ||    13
       Scale mail        |       |       |   123 |   217 ||   340
Dodge: Dodged            |    87 |   182 |   207 |   103 ||   579
Block: Buckler           |       |       |    54 |    49 ||   103

Table legend: (Time is in decaauts)
 A = Elapsed time spent in this place.
 B = Non-inter-level travel time spent in this place.
 C = Inter-level travel time spent in this place.
 D = Time resting spent in this place.
 E = Time spent auto-exploring this place.
 F = Levels seen in this place.
 G = Mean time per level.
                   A        B        C        D        E       F      G
               +--------+--------+--------+--------+--------+-----+--------+
         Total |  13778 |  13120 |    658 |   2735 |   6277 |  14 |  984.1 |
       Dungeon |  12159 |  11501 |    658 |   2315 |   5967 |  10 | 1215.9 |
        Temple |      1 |      1 |      0 |      0 |      0 |   1 |    1.0 |
          Lair |    159 |    159 |      0 |     46 |     13 |   1 |  159.0 |
         Sewer |   1081 |   1081 |      0 |    232 |    270 |   1 | 1081.0 |
       Ossuary |    376 |    376 |      0 |    142 |     27 |   1 |  376.0 |
               +--------+--------+--------+--------+--------+-----+--------+

Top non-repeatable levels by time:
     D:4: 2049 daAuts
     D:3: 1827 daAuts
     D:6: 1557 daAuts
     D:5: 1456 daAuts
     D:8: 1275 daAuts
     D:9: 1160 daAuts
   Sewer: 1081 daAuts
     D:2: 914 daAuts
     D:1: 836 daAuts
     D:7: 825 daAuts
 Ossuary: 376 daAuts
    D:10: 256 daAuts
  Lair:1: 159 daAuts
  Temple: 1 daAuts
